 Seeded DCSS version 0.30.1-11-g7821555f0a (webtiles) character file.

Game seed: 5129858224507802926 (custom seed)

297 Psyclone the Conjurer (level 6, -8/32 HPs)
             Began as a Deep Elf Conjurer on Nov 7, 2023.
             Mangled by Eustachio
             ... wielding a +0 rapier
              (9 damage)
             ... on level 3 of the Dungeon.
             The game lasted 00:14:44 (4292 turns).

Psyclone the Conjurer (Deep Elf Conjurer)           Turns: 4292, Time: 00:14:45

Health: -8/32      AC:  2    Str:  8      XL:     6   Next: 12%
Magic:  8/15       EV: 12    Int: 24      God:
Gold:   310        SH:  0    Dex:  8 (12) Spells: 12/15 levels left

rFire   . . .        c - +0 short sword
rCold   . . .        (no shield)
rNeg    . . .        a - +0 robe
rPois   .            (no helmet)
rElec   .            (no cloak)
rCorr   .            (no gloves)
SInv    .            (no boots)
Will    .....        (no amulet)
Stlth   ++           (no ring)
HPRegen 0.25/turn    (no ring)
MPRegen 0.14/turn

%: no passive effects
@: no status effects
A: hooves 1, strong 1
a: no special abilities


You were on level 3 of the Dungeon.
You visited 2 branches of the dungeon, and saw 5 of its levels.

You collected 310 gold pieces.

Inventory:

Hand Weapons
 c - a +0 short sword (weapon)
Armour
 a - a +0 robe (worn)
Scrolls
 d - 2 scrolls of fear
 e - a scroll of amnesia
 f - a scroll of vulnerability
 g - 2 scrolls of identify {@r1}
Potions
 b - a potion of magic


   Skills:
 + Level 4.3 Dodging
 + Level 4.7 Stealth
 + Level 5.0 Spellcasting
 + Level 5.5 Conjurations


You had 12 spell levels left.
You knew the following spells:

 Your Spells              Type           Power      Damage    Failure   Level
a - Magic Dart            Conj           100%       1d8       1%          1
b - Searing Ray           Conj           64%        2d6       1%          2

Your spell library contained the following spells:

 Spells                   Type           Power      Damage    Failure   Level
 Dazzling Flash           Conj/Hex       38%        N/A       9%          3
 Fulminant Prism          Conj/Hex       9%         3d7       28%         4
 Iskenderun's Mystic Bla  Conj/Tloc      19%        2d6       28%         4


Dungeon Overview and Level Annotations

Branches:
Dungeon (4/15) Zot: 19738  Temple (1/1) D:4 Zot: 5966

Altars:
Dithmenos
Elyvilon
Hepliaklqana
Ru
Sif Muna
Vehumet
Yredelemnul
Zin

Shops:
D:1 [   D:2 =![(

Annotations:
D:3 Eustachio


Innate Abilities, Weirdness & Mutations

You have large cloven feet.
Your muscles are strong. (Str +4, Int/Dex -1)


Message History

Eustachio casts a spell.
You take 1 damage, and have 9/32 hp.
You now have 9/15 mp.
The white imp attacks as you move away! The white imp barely misses you.
The quokka attacks as you move away! The quokka bites you.
* * * LOW HITPOINT WARNING * * *
Eustachio gestures wildly while chanting.
Eustachio blinks!
You take 2 damage, and have 7/32 hp.
The quasit closely misses you. The quasit misses you.
The quasit closely misses you. The white imp spits at you.
The quokka attacks as you move away! The quokka bites you.
* * * LOW HITPOINT WARNING * * *
The quokka closely misses you. Eustachio barely misses you.
There is a stone staircase leading up here.
The quasit barely misses you. The quasit claws you.
* * * LOW HITPOINT WARNING * * *
You feel clumsy.
The quasit claws you but does no damage.
The quokka bites you.
* * * LOW HITPOINT WARNING * * *
Eustachio hits you with a +0 rapier.
* * * LOW HITPOINT WARNING * * *
You climb upwards.
The quasit disappears in a puff of smoke!
The white imp disappears in a puff of smoke!
The iron imp disappears in a puff of smoke!
The quokka disappears in a puff of smoke!
There is a stone staircase leading down here.
You take 6 damage, and have 1/32 hp.
Casting: Searing Ray (safe; 1% risk of failure)
Confirm with . or Enter, or press ? or * to list all spells.
Aiming: Searing Ray (safe; 1% risk of failure)
Press: ? - help, Shift-Dir - straight line, f - Eustachio
Aim: Eustachio, wielding a +0 rapier and wearing a +0 leather armour (heavily wounded, 73% to hit)
The searing ray hits Eustachio!
Eustachio is severely wounded. (Press . to maintain the ray.) Eustachio hits you with a +0 rapier!
You die...

### ..# ..#########
..........# ..#######.#
..#### #.# ############ #
.....#
#.##########..........# #
####.#
#......@@....########.###
# #.# ###########..#
#.>.. #.# #######..#
##### #.# #........# #
#.# #.#####.## # #.# #.#
#.# #.# #.# #.# ##.# #.#
#.# ###.<# #.# #.#


You could see Eustachio.

Vanquished Creatures
  2 orc priests
  An iguana (D:4)
  2 orc wizards
  4 gnolls (D:2)
  2 adders
  A worm (D:2)
  2 dart slugs
  15 orcs
  9 ball pythons
  8 endoplasms
  2 giant cockroaches (D:3)
  10 goblins
  7 hobgoblins
  4 quokkas
  5 bats
  6 frilled lizards
  3 kobolds
  4 rats
87 creatures vanquished.

Notes
Turn   | Place    | Note
-------+----------+-------------------------------------------
     0 | D:1      | Psyclone the Deep Elf Conjurer began the quest for the Orb.
     0 | D:1      | Reached XP level 1. HP: 10/10 MP: 6/6
   222 | D:1      | Reached XP level 2. HP: 15/15 MP: 5/8
   490 | D:1      | Found Qair's Armour Shoppe.
   940 | D:2      | Reached XP level 3. HP: 19/19 MP: 6/10
   992 | D:2      | Found Zutuxkoi's Jewellery Shop.
  1252 | D:2      | Found Xoolosaxt's Antique Armour Shop.
  1341 | D:2      | Found Ogoraot's Weapon Shop.
  1513 | D:2      | Learned a level 2 spell: Searing Ray
  1532 | D:2      | Reached XP level 4. HP: 16/24 MP: 8/12
  1543 | D:2      | Reached skill level 5 in Conjurations
  1821 | D:2      | Found Tatheism's Distillery.
  2109 | D:2      | Gained mutation: You are somewhat resistant to further
                  | mutation. [potion of mutation]
  2109 | D:2      | Gained mutation: You are partially covered in iridescent
                  | scales. (AC +2) [potion of mutation]
  2291 | D:2      | Lost mutation: You are somewhat resistant to further
                  | mutation. [potion of mutation]
  2291 | D:2      | Lost mutation: You are partially covered in iridescent
                  | scales. (AC +2) [potion of mutation]
  2291 | D:2      | Gained mutation: You have hidden genetic defects. [potion
                  | of mutation]
  2291 | D:2      | Gained mutation: Your magical capacity is low. (-10% MP)
                  | [potion of mutation]
  2291 | D:2      | Gained mutation: You sometimes lose your temper in combat.
                  | [potion of mutation]
  2291 | D:2      | Gained mutation: You have a pair of small antennae on your
                  | head. [potion of mutation]
  2653 | D:3      | Gained mutation: You occasionally lose the ability to read
                  | scrolls when taking damage. [hidden defects]
  2825 | D:3      | Reached XP level 5. HP: 27/28 MP: 4/12
  2831 | D:3      | Gained mutation: You have an uncontrollable temper. [hidden
                  | defects]
  2831 | D:3      | Lost mutation: You have hidden genetic defects. [hidden
                  | defects expressed]
  2832 | D:3      | Lost mutation: You have an uncontrollable temper. [potion
                  | of mutation]
  2832 | D:3      | Lost mutation: You occasionally lose the ability to read
                  | scrolls when taking damage. [potion of mutation]
  2832 | D:3      | Lost mutation: You have a pair of small antennae on your
                  | head. [potion of mutation]
  2832 | D:3      | Gained mutation: You occasionally lose the ability to read
                  | scrolls when taking damage. [potion of mutation]
  2832 | D:3      | Gained mutation: You are partially covered in iridescent
                  | scales. (AC +2) [potion of mutation]
  2833 | D:3      | Lost mutation: You sometimes lose your temper in combat.
                  | [potion of mutation]
  2833 | D:3      | Lost mutation: Your magical capacity is low. (-10% MP)
                  | [potion of mutation]
  2833 | D:3      | Lost mutation: You are partially covered in iridescent
                  | scales. (AC +2) [potion of mutation]
  2833 | D:3      | Lost mutation: You occasionally lose the ability to read
                  | scrolls when taking damage. [potion of mutation]
  2833 | D:3      | Gained mutation: Your muscles are strong. (Str +4, Int/Dex
                  | -1) [potion of mutation]
  2833 | D:3      | Gained mutation: You have large cloven feet. [potion of
                  | mutation]
  3732 | D:4      | Found a white marble altar of Elyvilon.
  3748 | D:4      | Found a staircase to the Ecumenical Temple.
  3799 | D:4      | Reached XP level 6. HP: 32/32 MP: 6/15
  3819 | Temple   | Entered the Ecumenical Temple
  3900 | D:4      | Reached skill level 5 in Spellcasting
  4192 | D:4      | Noticed Eustachio
  4290 | D:4      | HP: 1/32 [Eustachio/+0 rapier (3)]
  4292 | D:3      | Mangled by Eustachio

Illustrated notes

Levels and vault maps discovered:
D:1:      saegor_arrival_simple_c, layout_rooms, serial_shops, shop,
          kennysheep_nondescript, minmay_misc_feat_ornament
D:2:      layout_basic, serial_shops, nicolae_shop_tiny_statue_garden,
          nicolae_shop_scrapyard, shop, shop
D:3:      layout_loops_ring
D:4:      layout_rooms, elyvilon_altar_1, minmay_temple_entry_trees,
          uniq_eustachio
Temple:   hellmonk_temple_two_chambers

Skill      XL: |  1  2  3  4  5  6 |
---------------+-------------------+-----
Stealth        | 3 4 |  4.7
Dodging        | 3 4 |  4.3
Spellcasting   | 4 5 |  5.0
Conjurations   | 5 |  5.5

Action                     |  1- 3 |  4- 6 || total
---------------------------+-------+-------++-------
   Cast: Magic Dart        |    78 |    69 ||   147
         Searing Ray       |     1 |    18 ||    19
    Use: Scroll            |     2 |     3 ||     5
         Potion            |     1 |     6 ||     7
 Armour: Robe              |       |     6 ||     6
  Dodge: Dodged            |     1 |    22 ||    23
